 Dungeon Crawl Stone Soup version 0.28-a0-1624-g820543e53a (webtiles) character file.

Game seed: 11430815276913116292

231 timneilson the Covered (level 6, -5/38 HPs)
             Began as a Gargoyle Fighter on Jan 23, 2022.
             Slain by an ogre (19 damage)
             ... on level 4 of the Dungeon.
             The game lasted 00:05:57 (3256 turns).

timneilson the Covered (Gargoyle Fighter)           Turns: 3256, Time: 00:05:58

Health: -5/38      AC: 11    Str: 21    XL:     6   Next: 4%
Magic:  6/6        EV:  9    Int:  9    God:
Gold:   121        SH:  4    Dex:  9    Spells: 5/5 levels left

rFire   . . .      SeeInvis +   a - +0 long sword
rCold   . . .      Faith    .   c - +0 buckler
rNeg    + + .      Spirit   .   b - +0 scale mail
rPois   ∞          Reflect  .   (no helmet)
rElec   +          Harm     .   (no cloak)
rCorr   .          Rampage  .   (no gloves)
Will    .....                   (no boots)
Stlth   ..........              j - amulet of the acrobat
HPRegen 0.12/turn               h - ring of positive energy
MPRegen 0.10/turn               g - ring of see invisible

@: no status effects
A: sickness immunity, AC +4, negative energy resistance 1, electricity
resistance, torment resistance 1, petrification resistance
a: no special abilities


You were on level 4 of the Dungeon.
You visited 2 branches of the dungeon, and saw 5 of its levels.

You collected 121 gold pieces.

Inventory:

Hand Weapons
 a - a +0 long sword (weapon)
Armour
 b - a +0 scale mail (worn)
 c - a +0 buckler (worn)
Jewellery
 g - a ring of see invisible (right hand)
 h - a ring of positive energy (left hand)
 i - a ring of ice
 j - an amulet of the acrobat (around neck)
Wands
 l - a wand of mindburst (18)
 m - a wand of flame (13)
Scrolls
 f - 2 scrolls of identify
 k - a scroll of teleportation
 n - a scroll of noise {unknown}
Potions
 d - a potion of might
 e - a potion of brilliance


   Skills:
 + Level 3.9 Fighting
 * Level 3.1 Long Blades
 * Level 4.6 Armour
 + Level 1.1 Dodging
 * Level 4.5 Shields
 + Level 0.2 Evocations


You had 5 spell levels left.
You didn't know any spells.
Your spell library contained the following spells:

 Spells                   Type           Power      Damage    Failure   Level
 Sting                    Tmut/Pois      0%         1d3       80%         1
 Poisonous Vapours        Pois/Air       0%         N/A       91%         2
 Olgreb's Toxic Radiance  Pois           0%         N/A       100%        4


Dungeon Overview and Level Annotations

Branches:
Dungeon (4/15)             Temple (1/1) D:4

Altars:
Dithmenos
Gozag
Hepliaklqana
Makhleb
Qazlal
Sif Muna
Uskayaw
Vehumet
Wu Jian
The Shining One

Shops:
D:1 (


Innate Abilities, Weirdness & Mutations

You are immune to sickness and miasma.
Your stone body is resilient. (AC +4)
You are immune to poison.
You resist negative energy. (rN+)
You are resistant to electric shocks. (rElec)
You are resistant to unholy torment.
You are immune to petrification.


Message History

The ball python constricts you.
You barely miss the ball python.
The ball python bites you but does no damage.
The ball python constricts you. The ball python barely misses you.
The ball python constricts you.
You slash the ball python!
You kill the ball python!
You hit the howler monkey skeleton.
The howler monkey skeleton is lightly damaged.
The howler monkey skeleton barely misses you.
The howler monkey skeleton hits you but does no damage.
You hit the howler monkey skeleton.
The howler monkey skeleton is moderately damaged.
The howler monkey skeleton hits you but does no damage.
You hit the howler monkey skeleton but do no damage.
The howler monkey skeleton is moderately damaged.
The howler monkey skeleton closely misses you.
You hit the howler monkey skeleton but do no damage.
The howler monkey skeleton is moderately damaged.
The howler monkey skeleton hits you but does no damage.
The howler monkey skeleton closely misses you.
You slash the howler monkey skeleton!
The howler monkey skeleton is almost destroyed.
The howler monkey skeleton barely misses you.
You slash the howler monkey skeleton!
You destroy the howler monkey skeleton!
You have reached level 6!
There is an open door, spattered with blood here.
Items here: ))) ††.
Okay, then.
An ogre and an adder skeleton come into view.
You block the ogre's attack.
You hit the ogre.
The ogre is lightly wounded.
The ogre hits you with a +0 giant spiked club!
You slash the ogre!
The ogre is heavily wounded.
The ogre hits you with a +0 giant spiked club!!
Ouch! That really hurt!
You die...

##.#
#..>.................)......
#.#
#........#####).#..#####..#.
#.# #.#####<##...##...##
##.#.
##.#.#.#<..#.#.....#####
#.## #..#.#.....#.#..8....
#.# #..#...#.....#.....# #.#
#.####.#.######.Z.# #.#
#......#.# #O# #.#
########.# #@# # ..# #.# ..
### #.# # ## ##.## .##
##...## ...#
#...(.#####..)..
#..8.........8.. ##
#.....##)##.... #(
##...###.# .####.


You could see an ogre and an adder skeleton.

Vanquished Creatures
  An orc priest (D:4)
  A jelly (D:4)
  Jessica (D:3)
  4 gnolls (D:3)
  A howler monkey skeleton (D:4)
  An adder (D:2)
  A worm (D:3)
  2 dart slugs (D:1)
  5 orcs (D:3)
  3 bats
  9 endoplasms
  5 giant cockroaches
  8 goblins
  4 hobgoblins
  3 jackals (D:3)
  4 quokkas
  8 ball pythons
  3 frilled lizards
  6 kobolds
  6 rats
76 creatures vanquished.

Notes
Turn   | Place    | Note
-------+----------+-------------------------------------------
     0 | D:1      | timneilson the Gargoyle Fighter began the quest for the
                  | Orb.
     0 | D:1      | Reached XP level 1. HP: 14/14 MP: 1/1
    81 | D:1      | Reached XP level 2. HP: 14/19 MP: 2/2
   503 | D:1      | Found Sapsit's Antique Weapon Emporium.
   582 | D:1      | Reached XP level 3. HP: 20/23 MP: 3/3
   632 | D:1      | You fall into a shaft and drop 1 floor!
  1833 | D:2      | Reached XP level 4. HP: 27/28 MP: 4/4
  2030 | D:3      | Noticed Jessica
  2034 | D:3      | Killed Jessica
  2483 | D:3      | Reached XP level 5. HP: 33/33 MP: 5/5
  2540 | D:3      | Reached skill level 1 in Dodging
  2894 | D:4      | Found a staircase to the Ecumenical Temple.
  2901 | Temple   | Entered the Ecumenical Temple
  3242 | D:4      | Reached XP level 6. HP: 23/38 MP: 6/6
  3256 | D:4      | Slain by an ogre

Illustrated notes

Levels and vault maps discovered:
D:1:      roderic_dead_forest, layout_basic, serial_shops, shop
D:2:      layout_basic
D:3:      layout_rooms, patterned_corridor, uniq_jessica
D:4:      minmay_octagon_keep, layout_basic, kiku_gazebo_garden_becter,
          mainiacjoe_overflow_six_doors_small, minmay_temple_entry_junction
Temple:   jpeg_temple_alley_garden

Skill      XL: |  1  2  3  4  5 |
---------------+----------------+-----
Long Blades    | 2 3 |  3.1
Armour         | 4 |  4.6
Shields        | 4 |  4.5
Dodging        | 1 |  1.1
Fighting       | |  3.9
Evocations     | |  0.2

Action                   |  1- 3 |  4- 6 || total
-------------------------+-------+-------++-------
Melee: Long sword        |   142 |   146 ||   288
  Use: Scroll            |       |     2 ||     2
Armor: Scale mail        |    90 |    79 ||   169
Dodge: Dodged            |    75 |    75 ||   150
Block: Buckler           |    22 |    24 ||    46

Table legend: (Time is in decaauts)
 A = Elapsed time spent in this place.
 B = Non-inter-level travel time spent in this place.
 C = Inter-level travel time spent in this place.
 D = Time resting spent in this place.
 E = Time spent auto-exploring this place.
 F = Levels seen in this place.
 G = Mean time per level.
                   A        B        C        D        E       F      G
               +--------+--------+--------+--------+--------+-----+--------+
         Total |   3346 |   3264 |     82 |      0 |   2252 |   5 |  669.2 |
       Dungeon |   3082 |   3052 |     30 |      0 |   2061 |   4 |  770.5 |
        Temple |    263 |    211 |     52 |      0 |    191 |   1 |  263.0 |
               +--------+--------+--------+--------+--------+-----+--------+

Top non-repeatable levels by time:
     D:1: 1134 daAuts
     D:2: 893 daAuts
     D:3: 833 daAuts
  Temple: 263 daAuts
     D:4: 220 daAuts
